 Dungeon Crawl Stone Soup version 0.23.0-3-gf3c87f2 (webtiles) character file.

Game seed: 11959732679484513911

49 misha the Poker (level 3, 0/28 HPs)
             Began as a Merfolk Gladiator on Feb 22, 2019.
             Slain by Crazy Yiuf
             ... wielding a +4 quarterstaff of chaos
              (1 damage)
             ... on level 2 of the Dungeon.
             The game lasted 00:06:11 (1861 turns).

misha the Poker (Merfolk Gladiator)                 Turns: 1861, Time: 00:06:12

Health: 0/28       AC:  6    Str: 15    XL:     3   Next: 77%
Magic:  0/3        EV: 12    Int:  7    God:
Gold:   114        SH:  6    Dex: 15    Spells: 2/2 levels left

rFire    . . .     SeeInvis .   b - +1 dagger (flame)
rCold    . . .     Gourm    .   e - +2 buckler
rNeg     . . .     Faith    .   n - +0 ring mail
rPois    .         Spirit   +   c - +0 helmet
rElec    .         Reflect  .   h - scarf {Spirit}
rCorr    .         Harm     .   (no gloves)
MR       .....                  (no boots)
Stlth    +.........             (no amulet)
HPRegen  0.09/turn              (no ring)
MPRegen  0.08/turn              (no ring)

@: lethally poisoned (0 -> -4), lightly drained
A: change form in water, swift swim, stealthy swim
a: no special abilities


You were on level 2 of the Dungeon.
You were near starving.

You visited 1 branch of the dungeon, and saw 2 of its levels.

You collected 114 gold pieces.

Inventory:

Hand Weapons
 a - a +0 trident
 b - a +1 dagger of flaming (weapon)
Missiles
 d - 2 throwing nets (quivered)
 l - 70 bolts
 m - 99 stones
Armour
 c - a +0 helmet (worn)
 e - a +2 buckler (worn)
 g - a +0 leather armour
 h - a scarf of spirit shield (worn)
 n - a +0 ring mail (worn)
Scrolls
 i - 2 scrolls of fog {unknown}
 k - 2 scrolls of identify {unknown}
 o - 4 scrolls of remove curse {unknown}
 p - a scroll of amnesia {unknown}
 q - a scroll of magic mapping {unknown}
 r - a scroll of noise {unknown}
Potions
 j - a potion of haste {unknown}
Comestibles
 f - 9 rations


   Skills:
 + Level 2.7(2.1) Fighting
 + Level 5.4(4.8) Polearms
 - Level 2.0(1.4) Throwing
 + Level 0.6(0.1) Armour
 - Level 4.2(3.7) Dodging
 + Level 1.1(0.5) Shields


You had 2 spell levels left.
You didn't know any spells.
Your spell library was empty.

Dungeon Overview and Level Annotations

Branches:
Dungeon (2/15)

Altars:

Annotations:
D:2 Crazy Yiuf


Message History

Crazy Yiuf is heavily wounded.
You feel sick.
Crazy Yiuf grits, "Blight!"
Crazy Yiuf barely misses you.
You hit Crazy Yiuf but do no damage.
Crazy Yiuf is heavily wounded.
Crazy Yiuf hits you with a +4 quarterstaff of chaos!
* * * LOW HITPOINT WARNING * * *
You feel drained.
You hit Crazy Yiuf but do no damage.
Crazy Yiuf is heavily wounded.
* * * LOW HITPOINT WARNING * * *
You feel sick. Crazy Yiuf hits you but does no damage.
You feel drained.
You are too injured to fight recklessly!
You hit Crazy Yiuf but do no damage.
Crazy Yiuf is heavily wounded.
Crazy Yiuf hits you with a +4 quarterstaff of chaos.
* * * LOW HITPOINT WARNING * * *
Crazy Yiuf freezes you.
You die...

######.#
#### #.#
#.≈###.#
.....#.#
#####
..≈..#.####
#..)#
.≈........#
#...#
≈≈..#####.#
... ....#
#.# #g#
....#####.#
♣♣@♣
###.#...#.#
♣.♣♣
#..#...#.#
♣♣.♣
#........##
♣.♣♣
#.###.#...#
♣♣.♣♣ #.#
#.....#
♣...♣♣
#.###.#...#
♣....♣
#.##.#...##
#....#
#.#.###..#
###..##


You could see Crazy Yiuf.

Vanquished Creatures
  An adder (D:2)
  2 oozes
  2 dart slugs
  A leopard gecko (D:1)
  7 bats
  A giant cockroach (D:1)
  3 hobgoblins
  2 ball pythons (D:2)
  2 frilled lizards (D:1)
  2 goblins (D:1)
  3 kobolds (D:1)
  A rat (D:1)
27 creatures vanquished.

Notes
Turn   | Place    | Note
-------+----------+-------------------------------------------
     0 | D:1      | misha the Merfolk Gladiator began the quest for the Orb.
     0 | D:1      | Reached XP level 1. HP: 16/16 MP: 1/1
   159 | D:1      | Reached skill level 5 in Polearms
   159 | D:1      | Reached XP level 2. HP: 22/22 MP: 2/2
   565 | D:1      | Reached XP level 3. HP: 28/28 MP: 3/3
  1062 | D:2      | Found a runed translucent door.
  1063 | D:2      | Noticed Crazy Yiuf
  1182 | D:2      | Reached skill level 1 in Shields
  1861 | D:2      | HP: 1/28 [Crazy Yiuf/+4 quarterstaff of chaos (3)]
  1861 | D:2      | Slain by Crazy Yiuf

Skill      XL: |  1  2  3 |
---------------+----------+-----
Polearms       | 5 |  5.4
Shields        | 1 |  1.1
Fighting       | |  2.7
Throwing       | |  2.0
Armour         | |  0.6
Dodging        | |  4.2

Action                   || total
-------------------------++-------
Melee: Dagger            ||   109
       Trident           ||     1
       Tailslap          ||     2
Throw: Throwing net      ||     1
 Stab: Held in net/web   ||     1
  Eat: Chunk             ||     1
Armor: Leather armour    ||    21
       Ring mail         ||    18
Dodge: Dodged            ||    63
Block: Buckler           ||    34
